SAA
WESTWOOD SIXSHOOTERS @ MYRTLE BEACH MERMEN
09/03/2028
 
TOP OF THE 1ST
Westwood Sixshooters batting - Pitching for Myrtle Beach Mermen : RHP Gregory Bahena
Pitching: RHP Gregory Bahena
Batting: LHB António Quintero 0-0: Ball
1-0: Foul Ball, location: 2F
1-1: Ball
2-1: Fly out, F8 (Flyball, 8RM)
Batting: LHB Juan Romero 0-0: Called Strike
0-1: Ball
1-1: Fly out, F9 (Flyball, 9LSF)
Batting: RHB Steve Bock 0-0: Fly out, F6 (Popup, 6D)
Top of the 1st over - 0 run(s), 0 hit(s), 0 error(s), 0 left on base; Westwood 0 - Myrtle Beach 0
BOTTOM OF THE 1ST
Myrtle Beach Mermen batting - Pitching for Westwood Sixshooters : RHP Roosevelt Guimond
Pitching: RHP Roosevelt Guimond
Batting: RHB Sixto Estrada 0-0: Ball
1-0: Called Strike
1-1: Ball
2-1: Ball
3-1: Foul Ball, location: 2F
3-2: Strikes out swinging
Batting: RHB Carlos González 0-0: Called Strike
0-1: Ball
1-1: Swinging Strike
1-2: Ball
2-2: Ball
3-2: Base on Balls
Batting: LHB Juan Villanueva 0-0: Ball
1-0: Ball
2-0: Foul Ball, location: 2F
2-1: Called Strike
2-2: Strikes out swinging
Batting: RHB Éric Leroux 0-0: Called Strike
0-1: Ball
1-1: Ball
2-1: Ball
3-1: Base on Balls
Carlos González to second
Batting: LHB Shigenobu Ohayashi 0-0: Called Strike
0-1: Ball
1-1: Swinging Strike
1-2: Foul Ball, location: 2F
1-2: Ground out 3-1 (Groundball, 34)
Bottom of the 1st over - 0 run(s), 0 hit(s), 0 error(s), 2 left on base; Westwood 0 - Myrtle Beach 0
TOP OF THE 2ND
Westwood Sixshooters batting - Pitching for Myrtle Beach Mermen : RHP Gregory Bahena
Batting: LHB Mitchell Cusimano 0-0: Ground out 6-3 (Groundball, 6)
Batting: RHB Chris Corella 0-0: Ball
1-0: Foul Ball, location: 2F
1-1: Ball
2-1: Ball
3-1: Called Strike
3-2: SINGLE (Groundball, 4MD)
Batting: LHB Lorenzo Díaz 0-0: Called Strike
0-1: Called Strike
0-2: Ball
1-2: Foul Ball, location: 2F
1-2: Foul Ball, location: 2F
1-2: Strikes out swinging
Batting: RHB Alonso Zamora 0-0: Ball
1-0: 2-RUN HOME RUN (Flyball, 7LD), Distance : 353 ft
Batting: LHB José Martínez 0-0: Ball
1-0: Ball
2-0: Ball
3-0: Called Strike
3-1: Foul Ball, location: 2F
3-2: Foul Ball, location: 2F
3-2: Foul Ball, location: 2F
3-2: Foul Ball, location: 2F
3-2: Base on Balls
Batting: LHB Phil Minor 0-0: Ball
1-0: SINGLE (Line Drive, 4D)
José Martínez to second
Batting: LHB António Quintero 0-0: Fly out, F8 (Flyball, 8RM)
Top of the 2nd over - 2 run(s), 3 hit(s), 0 error(s), 2 left on base; Westwood 2 - Myrtle Beach 0
BOTTOM OF THE 2ND
Myrtle Beach Mermen batting - Pitching for Westwood Sixshooters : RHP Roosevelt Guimond
Batting: RHB Fernando Martínez 0-0: Ball
1-0: Swinging Strike
1-1: Ball
2-1: Called Strike
2-2: Ball
3-2: Base on Balls
Batting: LHB Marcos Costa 0-0: Ball
1-0: Fly out, F7 (Flyball, 7LS)
Batting: RHB Mark Frisby 0-0: Ball
1-0: Swinging Strike
1-1: Fly out, F9 (Flyball, 9)
Batting: LHB Philip Strickland 0-0: Foul Ball, location: 2F
0-1: Ball
1-1: Foul Ball, location: 2F
1-2: Ball
2-2: Foul Ball, location: 2F
2-2: Fly out, F7 (Flyball, 7LDF)
Bottom of the 2nd over - 0 run(s), 0 hit(s), 0 error(s), 1 left on base; Westwood 2 - Myrtle Beach 0
TOP OF THE 3RD
Westwood Sixshooters batting - Pitching for Myrtle Beach Mermen : RHP Gregory Bahena
Batting: LHB Juan Romero 0-0: Ball
1-0: Fly out, F8 (Flyball, 8LS)
Batting: RHB Steve Bock 0-0: Called Strike
0-1: Ball
1-1: Ground out 6-3 (Groundball, 6)
Batting: LHB Mitchell Cusimano 0-0: Ball
1-0: Called Strike
1-1: Called Strike
1-2: Ball
2-2: Foul Ball, location: 2F
2-2: Fly out, F9 (Line Drive, 89M)
Top of the 3rd over - 0 run(s), 0 hit(s), 0 error(s), 0 left on base; Westwood 2 - Myrtle Beach 0
BOTTOM OF THE 3RD
Myrtle Beach Mermen batting - Pitching for Westwood Sixshooters : RHP Roosevelt Guimond
Batting: RHB Sixto Estrada 0-0: Ball
1-0: Called Strike
1-1: Ball
2-1: Fly out, F3 (Popup, 3S)
Batting: RHB Carlos González 0-0: Called Strike
0-1: Ground out 6-3 (Groundball, 6)
Batting: LHB Juan Villanueva 0-0: Ball
1-0: Ball
2-0: Called Strike
2-1: Ground out 6-3 (Groundball, 56)
Bottom of the 3rd over - 0 run(s), 0 hit(s), 0 error(s), 0 left on base; Westwood 2 - Myrtle Beach 0
TOP OF THE 4TH
Westwood Sixshooters batting - Pitching for Myrtle Beach Mermen : RHP Gregory Bahena
Batting: RHB Chris Corella 0-0: Ball
1-0: Ball
2-0: Foul Ball, location: 2F
2-1: Fly out, F3 (Popup, 34)
Batting: LHB Lorenzo Díaz 0-0: Foul Ball, location: 2F
0-1: Foul Ball, location: 2F
0-2: Strikes out swinging
Batting: RHB Alonso Zamora 0-0: Ground out 4-3 (Groundball, 4M)
Top of the 4th over - 0 run(s), 0 hit(s), 0 error(s), 0 left on base; Westwood 2 - Myrtle Beach 0
BOTTOM OF THE 4TH
Myrtle Beach Mermen batting - Pitching for Westwood Sixshooters : RHP Roosevelt Guimond
Batting: RHB Éric Leroux 0-0: Called Strike
0-1: Ball
1-1: Called Strike
1-2: Ball
2-2: Foul Ball, location: 2F
2-2: Strikes out looking
Batting: LHB Shigenobu Ohayashi 0-0: Called Strike
0-1: Swinging Strike
0-2: Hit by Pitch
Batting: RHB Fernando Martínez 0-0: Ball
1-0: Called Strike
1-1: Foul Ball, location: 2F
1-2: Foul Ball, location: 2F
1-2: Ball
Shigenobu Ohayashi is caught stealing 2nd base
2-2: Ball
3-2: SOLO HOME RUN (Flyball, 7D), Distance : 357 ft
Batting: LHB Marcos Costa 0-0: Called Strike
0-1: Ball
1-1: Ball
2-1: Foul Ball, location: 2F
2-2: Fly out, F8 (Flyball, 8RM)
Bottom of the 4th over - 1 run(s), 1 hit(s), 0 error(s), 0 left on base; Westwood 2 - Myrtle Beach 1
TOP OF THE 5TH
Westwood Sixshooters batting - Pitching for Myrtle Beach Mermen : RHP Gregory Bahena
Batting: LHB José Martínez 0-0: Called Strike
0-1: Ball
1-1: Swinging Strike
1-2: Ball
2-2: Ball
3-2: Fly out, F8 (Flyball, 8LD)
Batting: LHB Phil Minor 0-0: Foul Ball, location: 2F
0-1: Ball
1-1: Fly out, F7 (Flyball, 7LSF)
Batting: LHB António Quintero 0-0: Ball
1-0: DOUBLE (Line Drive, 78D)
Batting: LHB Juan Romero 0-0: Hit by Pitch
Batting: RHB Steve Bock 0-0: SINGLE (Groundball, 6MD)
António Quintero to third
Juan Romero to second
Runner from 3rd tries for Home, SAFE, no throw
Batting: LHB Mitchell Cusimano 0-0: Ball
1-0: Foul Ball, location: 2F
1-1: Ball
2-1: Ball
3-1: Fielders Choice at 2nd, 4-6 (Groundball, 4)
Top of the 5th over - 1 run(s), 2 hit(s), 0 error(s), 1 left on base; Westwood 3 - Myrtle Beach 1
BOTTOM OF THE 5TH
Myrtle Beach Mermen batting - Pitching for Westwood Sixshooters : RHP Roosevelt Guimond
Batting: RHB Mark Frisby 0-0: Ball
1-0: Foul Ball, location: 2F
1-1: Swinging Strike
1-2: Strikes out swinging
Batting: LHB Philip Strickland 0-0: Ground out 3-1 (Groundball, 34)
Batting: RHB Sixto Estrada 0-0: Called Strike
0-1: Foul Ball, location: 2F
0-2: Ball
1-2: Ball
2-2: Foul Ball, location: 2F
2-2: Ball
3-2: Foul Ball, location: 2F
3-2: DOUBLE (Line Drive, 78M)
Pitching: RHP Esteban García
Batting: RHB Carlos González 0-0: Ground out 5-3 (Groundball, 56)
Bottom of the 5th over - 0 run(s), 1 hit(s), 0 error(s), 1 left on base; Westwood 3 - Myrtle Beach 1
TOP OF THE 6TH
Westwood Sixshooters batting - Pitching for Myrtle Beach Mermen : RHP Gregory Bahena
Batting: RHB Chris Corella 0-0: Called Strike
0-1: Foul Ball, location: 2F
0-2: Foul Ball, location: 2F
0-2: Ball
1-2: SINGLE (Line Drive, 56)
Batting: LHB Lorenzo Díaz 0-0: Bunted foul
0-1: Sac Bunt - play at second, runner OUT! 5-6
Batting: RHB Alonso Zamora 0-0: Called Strike
0-1: Ball
1-1: DOUBLE (Groundball, 3L)
Lorenzo Díaz to third
Batting: LHB José Martínez 0-0: Ball
1-0: SINGLE (Flyball, 9S)
Lorenzo Díaz scores
Alonso Zamora to third
Batting: LHB Phil Minor 0-0: Ball
1-0: Called Strike
1-1: Foul Ball, location: 2F
1-2: Ball
2-2: Ball
3-2: Foul Ball, location: 2F
3-2: Base on Balls
José Martínez to second
Batting: LHB António Quintero 0-0: Called Strike
0-1: Ball
1-1: Ball
2-1: Ball
3-1: Foul Ball, location: 2F
3-2: Fly out, F6 (Popup, 56D)
Batting: LHB Juan Romero 0-0: Ball
1-0: Fly out, F9 (Flyball, 9S)
Top of the 6th over - 1 run(s), 3 hit(s), 0 error(s), 3 left on base; Westwood 4 - Myrtle Beach 1
BOTTOM OF THE 6TH
Myrtle Beach Mermen batting - Pitching for Westwood Sixshooters : RHP Esteban García
Batting: LHB Juan Villanueva 0-0: Ball
1-0: Called Strike
1-1: Ball
2-1: Foul Ball, location: 2F
2-2: Ground out U3 (Groundball, 34S)
Batting: RHB Éric Leroux 0-0: Ball
1-0: Foul Ball, location: 2F
1-1: Ball
2-1: Swinging Strike
2-2: Foul Ball, location: 2F
2-2: Ball
3-2: Foul Ball, location: 2F
3-2: Fly out, F9 (Flyball, 9LM)
Batting: LHB Shigenobu Ohayashi 0-0: Called Strike
0-1: Ground out 4-3 (Groundball, 4)
Bottom of the 6th over - 0 run(s), 0 hit(s), 0 error(s), 0 left on base; Westwood 4 - Myrtle Beach 1
TOP OF THE 7TH
Westwood Sixshooters batting - Pitching for Myrtle Beach Mermen : RHP Gregory Bahena
Batting: RHB Steve Bock 0-0: Ground out 5-3 (Groundball, 5)
Batting: LHB Mitchell Cusimano 0-0: Ball
1-0: Foul Ball, location: 2F
1-1: Ball
2-1: Foul Ball, location: 2F
2-2: Strikes out swinging
Batting: RHB Chris Corella 0-0: Ball
1-0: Ball
2-0: Ball
3-0: Base on Balls
Pitching: LHP Luis Vega
Batting: LHB Lorenzo Díaz 0-0: Ball
1-0: Ball
2-0: Ground out 3-1 (Groundball, 34)
Top of the 7th over - 0 run(s), 0 hit(s), 0 error(s), 1 left on base; Westwood 4 - Myrtle Beach 1
BOTTOM OF THE 7TH
Myrtle Beach Mermen batting - Pitching for Westwood Sixshooters : RHP Esteban García
Batting: RHB Fernando Martínez 0-0: Called Strike
0-1: Ball
1-1: Foul Ball, location: 2F
1-2: Ball
2-2: Foul Ball, location: 2F
2-2: Ground out 5-3 (Groundball, 5L)
Batting: LHB Marcos Costa 0-0: Called Strike
0-1: Ball
1-1: Called Strike
1-2: Strikes out swinging
Batting: RHB Mark Frisby 0-0: Foul Ball, location: 2F
0-1: Ball
1-1: Ground out 4-3 (Groundball, 4)
Bottom of the 7th over - 0 run(s), 0 hit(s), 0 error(s), 0 left on base; Westwood 4 - Myrtle Beach 1
TOP OF THE 8TH
Westwood Sixshooters batting - Pitching for Myrtle Beach Mermen : LHP Luis Vega
Batting: RHB Alonso Zamora 0-0: Ball
1-0: Ball
2-0: Ball
3-0: Base on Balls
Batting: LHB José Martínez 0-0: Ball
1-0: Bunted foul
1-1: Bunted foul
1-2: Foul Ball, location: 2F
1-2: Ball
2-2: Strikes out swinging
Batting: LHB Phil Minor 0-0: Ball
1-0: Ball
2-0: Fielders Choice at 2nd, 1-6 (Groundball, P)
Batting: LHB António Quintero 0-0: Called Strike
0-1: Ground out U3 (Groundball, 3)
Top of the 8th over - 0 run(s), 0 hit(s), 0 error(s), 1 left on base; Westwood 4 - Myrtle Beach 1
BOTTOM OF THE 8TH
Myrtle Beach Mermen batting - Pitching for Westwood Sixshooters : RHP Esteban García
Batting: LHB Philip Strickland 0-0: Ball
1-0: Ball
2-0: SINGLE (Flyball, 7S) - OUT at second base trying to stretch hit.
Batting: RHB Sixto Estrada 0-0: Ball
1-0: Called Strike
1-1: Foul Ball, location: 2F
1-2: Ball
2-2: Strikes out swinging, 2-3 out at first.
Batting: RHB Carlos González 0-0: Ball
1-0: Called Strike
1-1: Ball
2-1: Fly out, F5 (Popup, 5)
Bottom of the 8th over - 0 run(s), 1 hit(s), 0 error(s), 0 left on base; Westwood 4 - Myrtle Beach 1
TOP OF THE 9TH
Westwood Sixshooters batting - Pitching for Myrtle Beach Mermen : LHP Luis Vega
Batting: LHB Juan Romero 0-0: Ball
1-0: Swinging Strike
1-1: Ball
2-1: Called Strike
2-2: Strikes out swinging
Batting: RHB Steve Bock 0-0: Ball
1-0: Ball
2-0: Ball
3-0: Base on Balls
Batting: LHB Mitchell Cusimano 0-0: Ball
1-0: Called Strike
1-1: Ball
2-1: Called Strike
2-2: Foul Ball, location: 2F
2-2: Foul Ball, location: 2F
2-2: Ball
3-2: Ground out 4-3 (Groundball, 4)
Steve Bock to second
Pitching: LHP Francisco Gonsáles
Batting: RHB Chris Corella 0-0: Ball
1-0: Called Strike
1-1: Ball
2-1: Foul Ball, location: 2F
2-2: Foul Ball, location: 2F
2-2: Ball
3-2: Ground out 5-3 (Groundball, 5S)
Top of the 9th over - 0 run(s), 0 hit(s), 0 error(s), 1 left on base; Westwood 4 - Myrtle Beach 1
BOTTOM OF THE 9TH
Myrtle Beach Mermen batting - Pitching for Westwood Sixshooters : RHP Esteban García
Pitching: LHP Christian Clayton
Batting: LHB Juan Villanueva 0-0: SINGLE (Line Drive, 34)
Batting: RHB Éric Leroux 0-0: SINGLE (Groundball, 56D)
Juan Villanueva to second
Pinch Hitting: RHB Maik Palen 0-0: Called Strike
0-1: Ball
1-1: Foul Ball, location: 2F
1-2: Foul Ball, location: 2F
1-2: Ball
2-2: SINGLE (Groundball, 56D)
Juan Villanueva to third
Éric Leroux to second
Batting: RHB Fernando Martínez 0-0: Ball
1-0: Swinging Strike
1-1: Ball
2-1: Swinging Strike
2-2: Foul Ball, location: 2F
2-2: Ball
3-2: Base on Balls
Juan Villanueva scores
Éric Leroux to third
Maik Palen to second
Pinch Hitting: RHB Jorge Reyes 0-0: Ball
1-0: Ball
2-0: Called Strike
2-1: Ball
3-1: Called Strike
3-2: Base on Balls
Éric Leroux scores
Maik Palen to third
Fernando Martínez to second
Pinch Hitting: RHB Sancho Romero 0-0: Ball
1-0: Foul Ball, location: 2F
1-1: Grounds into fielders choice 1-2 (Groundball, 15S)
Fernando Martínez to third
Jorge Reyes to second
Pinch Hitting: RHB Jimmy Dawson 0-0: Foul Ball, location: 2F
0-1: Foul Ball, location: 2F
0-2: Foul Ball, location: 2F
0-2: Ball
1-2: Grounds into fielders choice 6-2 (Groundball, 6)
Jorge Reyes to third
Sancho Romero to second
Batting: RHB Sixto Estrada 0-0: Ground out U3 (Groundball, 3)
Bottom of the 9th over - 2 run(s), 3 hit(s), 0 error(s), 3 left on base; Westwood 4 - Myrtle Beach 3
Thursday, August 31st, 2017 - OOTP Baseball 17.12 Build 75